[Event "ICC tourney 2545 (5 3)"]
[Site "Internet Chess Club"]
[Date "2021.04.11"]
[Round "5"]
[White "cstefan"]
[Black "DrDrunkenstyn"]
[Result "1-0"]
[ICCResult "Black resigns"]
[WhiteElo "1954"]
[BlackElo "1659"]
[Opening "Sicilian: closed"]
[ECO "B24"]
[NIC "SI.44"]
[Time "15:46:43"]
[TimeControl "300+3"]

1. e4 c5 2. Nc3 Nc6 3. g3 d6 4. Bg2 Nf6 5. d3 Bg4 6. f3 Bd7 7. Nge2 g6 8.
O-O a6 9. Be3 b5 10. Qd2 Qc8 11. Nf4 e5 12. Nfd5 Nxd5 13. Nxd5 Ne7 14. Nb6
Qb7 15. Nxa8 Qxa8 16. f4 Bg7 17. f5 gxf5 18. exf5 Nxf5 19. Bxa8 {Black
resigns} 1-0

[Event "ICC tourney 2545 (5 3)"]
[Site "Internet Chess Club"]
[Date "2021.04.11"]
[Round "5"]
[White "vaishnavdurgasi"]
[Black "Vision2000"]
[Result "0-1"]
[ICCResult "White resigns"]
[WhiteElo "1327"]
[BlackElo "1423"]
[Opening "Catalan: closed, 5.Nf3"]
[ECO "E06"]
[NIC "CA.04"]
[Time "15:47:30"]
[TimeControl "300+3"]

1. d4 d5 2. c4 e6 3. Nf3 Nf6 4. g3 Be7 5. Bg2 c6 6. O-O Nbd7 7. Nc3 Bd6 8.
b4 dxc4 9. a3 O-O 10. e4 e5 11. Qe2 exd4 12. Nxd4 Be5 13. Qxc4 Nb6 14. Qd3
Qxd4 15. Qxd4 Bxd4 16. Bb2 Nc4 {White resigns} 0-1

[Event "ICC tourney 2545 (5 3)"]
[Site "Internet Chess Club"]
[Date "2021.04.11"]
[Round "5"]
[White "Tecmo"]
[Black "jps7"]
[Result "1-0"]
[ICCResult "Black checkmated"]
[WhiteElo "1366"]
[BlackElo "1498"]
[Opening "Bird's opening"]
[ECO "A02"]
[NIC "VO.07"]
[Time "15:45:56"]
[TimeControl "300+3"]

1. f4 Nf6 2. Nf3 d5 3. e3 e6 4. b3 Bd6 5. Bb2 O-O 6. Bb5 c6 7. Be2 Nbd7 8.
O-O b5 9. Qe1 Bb7 10. d3 c5 11. Nbd2 c4 12. bxc4 dxc4 13. dxc4 bxc4 14. Bxc4
Bc5 15. Bd4 Bb6 16. Qg3 Nc5 17. Bd3 Nce4 18. Nxe4 Bxe4 19. Bxe4 Nxe4 20.
Qxg7# {Black checkmated} 1-0

[Event "ICC tourney 2545 (5 3)"]
[Site "Internet Chess Club"]
[Date "2021.04.11"]
[Round "5"]
[White "Structor99"]
[Black "ShapeShifter"]
[Result "1-0"]
[ICCResult "Black resigns"]
[WhiteElo "1916"]
[BlackElo "1574"]
[Opening "Benkö gambit: Zaitsev system"]
[ECO "A57"]
[NIC "BI.44"]
[Time "15:46:50"]
[TimeControl "300+3"]

1. d4 Nf6 2. c4 c5 3. d5 b5 4. cxb5 a6 5. Nc3 axb5 6. e4 Qa5 7. Bd2 b4 8. e5
bxc3 9. Bxc3 Qa4 10. Qxa4 Rxa4 11. exf6 gxf6 12. Nf3 d6 13. Bb5+ {Black
resigns} 1-0

[Event "ICC tourney 2545 (5 3)"]
[Site "Internet Chess Club"]
[Date "2021.04.11"]
[Round "5"]
[White "asur67ferat"]
[Black "kaps-ak"]
[Result "1-0"]
[ICCResult "Black resigns"]
[WhiteElo "1604"]
[BlackElo "1253"]
[Opening "Ruy Lopez: Classical defense deferred"]
[ECO "C70"]
[NIC "RL.09"]
[Time "15:47:10"]
[TimeControl "300+3"]

1. e4 e5 2. Nf3 Nc6 3. Bb5 a6 4. Ba4 Bc5 5. c3 Qf6 6. O-O d6 7. d4 exd4 8.
cxd4 b5 9. dxc5 bxa4 10. cxd6 Qxd6 11. Qxa4 Nf6 12. e5 Qd1 {Black resigns}
1-0

[Event "ICC tourney 2545 (5 3)"]
[Site "Internet Chess Club"]
[Date "2021.04.11"]
[Round "5"]
[White "CPS1218"]
[Black "ser71itmex"]
[Result "0-1"]
[ICCResult "White checkmated"]
[WhiteElo "1349"]
[BlackElo "1581"]
[Opening "English opening"]
[ECO "A20"]
[NIC "EO.24"]
[Time "15:46:41"]
[TimeControl "300+3"]

1. c4 e5 2. g3 Nf6 3. Bg2 Bc5 4. e3 d6 5. Ne2 O-O 6. O-O Nc6 7. Nbc3 a6 8.
b3 Bg4 9. Bb2 Qd7 10. f3 Bh3 11. Nd5 Nxd5 12. cxd5 Nb4 13. Nc3 Bxg2 14. Kxg2
f5 15. e4 fxe4 16. fxe4 Rxf1 17. Qxf1 Rf8 18. Qe1 Rf2+ 19. Kh1 Qh3 20. Qg1
Rxd2 21. Qf1 Qxh2# {White checkmated} 0-1

[Event "ICC tourney 2545 (5 3)"]
[Site "Internet Chess Club"]
[Date "2021.04.11"]
[Round "5"]
[White "Guillermito"]
[Black "Arunmass1"]
[Result "1-0"]
[ICCResult "Black resigns"]
[WhiteElo "3214"]
[BlackElo "1747"]
[Opening "French defense"]
[ECO "C00"]
[NIC "FR.01"]
[Time "15:46:48"]
[TimeControl "300+3"]

1. e4 e6 2. Nf3 d5 3. exd5 exd5 4. d4 Nf6 5. Bd3 c5 6. O-O c4 7. Re1+ Be7 8.
Bf1 O-O 9. b3 b5 10. a4 cxb3 11. axb5 bxc2 12. Qxc2 Bg4 13. Ne5 Bh5 14. Nc3
Bg6 15. Qb3 Re8 16. Bg5 h6 17. Bxf6 Bxf6 18. Nxg6 fxg6 19. Rxe8+ Qxe8
{Black resigns}
1-0

[Event "ICC tourney 2545 (5 3)"]
[Site "Internet Chess Club"]
[Date "2021.04.11"]
[Round "5"]
[White "Jude"]
[Black "Schlomo"]
[Result "0-1"]
[ICCResult "White resigns"]
[WhiteElo "1643"]
[BlackElo "1989"]
[Opening "Caro-Kann: two knights variation"]
[ECO "B11"]
[NIC "CK.01"]
[Time "15:47:30"]
[TimeControl "300+3"]

1. e4 c6 2. Nc3 d5 3. Nf3 dxe4 4. Nxe4 Nf6 5. Nxf6+ exf6 6. d4 Bd6 7. Bd3
O-O 8. O-O Bg4 9. h3 Bh5 10. g4 Bg6 11. Bxg6 hxg6 12. Be3 g5 13. Nd2 Nd7 14.
Ne4 Qc7 15. Nxd6 Qxd6 16. c4 Rfe8 17. Qc2 Nf8 18. Kg2 Ng6 19. f4 Rxe3
{White resigns}
0-1

[Event "ICC tourney 2545 (5 3)"]
[Site "Internet Chess Club"]
[Date "2021.04.11"]
[Round "5"]
[White "TheOrcaPro"]
[Black "ulfbert"]
[Result "0-1"]
[ICCResult "White checkmated"]
[WhiteElo "1535"]
[BlackElo "1874"]
[Opening "French: exchange variation"]
[ECO "C01"]
[NIC "FR.01"]
[Time "15:47:03"]
[TimeControl "300+3"]

1. e4 e6 2. d4 d5 3. exd5 exd5 4. c4 Nf6 5. Nc3 Bb4 6. Bd2 O-O 7. f3 Re8+ 8.
Be2 dxc4 9. Qa4 Nc6 10. a3 Ba5 11. Qxc4 Nxd4 12. b4 Nc2+ 13. Kd1 Nxa1 14.
bxa5 Be6 15. Qb4 Nb3 16. Qxb7 Qxd2# {White checkmated} 0-1

[Event "ICC tourney 2545 (5 3)"]
[Site "Internet Chess Club"]
[Date "2021.04.11"]
[Round "5"]
[White "QvC"]
[Black "minerva75"]
[Result "1-0"]
[ICCResult "Black resigns"]
[WhiteElo "2352"]
[BlackElo "1723"]
[Opening "Queen's pawn, Mason variation"]
[ECO "D00"]
[NIC "QP.08"]
[Time "15:45:59"]
[TimeControl "300+3"]

1. d4 d5 2. Bf4 c6 3. e3 Nf6 4. c4 e6 5. Nc3 Nbd7 6. Nf3 Be7 7. h3 O-O 8. c5
a5 9. a3 b6 10. b4 b5 11. Bd3 Bb7 12. O-O Re8 13. Qc2 Nf8 14. Nxb5 cxb5 15.
Bxb5 Ba6 16. Bxa6 Rxa6 17. b5 Ra8 18. b6 N8d7 19. b7 Ra7 20. Rab1 Nh5 21.
Bh2 e5 22. c6 Qc7 23. cxd7 {Black resigns} 1-0

[Event "ICC tourney 2545 (5 3)"]
[Site "Internet Chess Club"]
[Date "2021.04.11"]
[Round "5"]
[White "joshwang2000"]
[Black "krankenstein"]
[Result "1-0"]
[ICCResult "Black checkmated"]
[WhiteElo "1327"]
[BlackElo "1234"]
[Opening "Philidor's defense"]
[ECO "C41"]
[NIC "KP.10"]
[Time "15:46:30"]
[TimeControl "300+3"]

1. e4 e5 2. Nf3 d6 3. Bc4 h6 4. h3 a6 5. O-O Nc6 6. c3 Nf6 7. Re1 Be7 8. d4
exd4 9. cxd4 d5 10. exd5 Nxd5 11. Bxd5 Qxd5 12. Nc3 Qd8 13. d5 Na7 14. Qe2
Qd6 15. Bf4 Qf6 16. Be5 Qb6 17. Bxg7 Rg8 18. Qxe7# {Black checkmated} 1-0

[Event "ICC tourney 2545 (5 3)"]
[Site "Internet Chess Club"]
[Date "2021.04.11"]
[Round "5"]
[White "EddieMarsalla"]
[Black "ZephyrrrYT"]
[Result "1-0"]
[ICCResult "Black checkmated"]
[WhiteElo "2344"]
[BlackElo "1432"]
[Opening "Caro-Kann: anti-anti-Caro-Kann defense"]
[ECO "B10"]
[NIC "CK.01"]
[Time "15:46:08"]
[TimeControl "300+3"]

1. e4 c6 2. c4 d5 3. d4 dxe4 4. d5 cxd5 5. cxd5 Nf6 6. Nc3 Bf5 7. Qb3 Qc7 8.
Bf4 Qc8 9. Rc1 Nbd7 10. Nb5 e5 11. dxe6 Qd8 12. Nc7+ Ke7 13. Qb4+ Nc5 14.
Qxc5+ Qd6 15. Bxd6+ Kd8 16. e7+ Bxe7 17. Bxe7+ Kc8 18. Nxa8+ Kb8 19. Qxf5
Kxa8 20. Rc8+ Rxc8 21. Qxc8# {Black checkmated} 1-0

[Event "ICC tourney 2545 (5 3)"]
[Site "Internet Chess Club"]
[Date "2021.04.11"]
[Round "5"]
[White "DuckyBirdLover"]
[Black "tistime"]
[Result "0-1"]
[ICCResult "White checkmated"]
[WhiteElo "921"]
[BlackElo "1313"]
[Opening "Caro-Kann: Hillbilly attack"]
[ECO "B10"]
[NIC "CK.01"]
[Time "15:46:29"]
[TimeControl "300+3"]

1. e4 c6 2. Bc4 d5 3. exd5 cxd5 4. Bb3 e5 5. d3 Nc6 6. f4 e4 7. dxe4 dxe4 8.
Qxd8+ Nxd8 9. Nc3 Bb4 10. Bd2 Nf6 11. O-O-O O-O 12. Nxe4 Nxe4 13. Bxb4 Re8
14. Re1 Nc6 15. Bc5 Bf5 16. Nf3 Nxc5 17. Rxe8+ Rxe8 18. Ng5 Nxb3+ 19. axb3
h6 20. Nf3 Re2 21. Rg1 Be4 22. Nh4 g5 23. fxg5 hxg5 24. Nf3 Bxf3 25. gxf3
Rf2 26. Rxg5+ Kf8 27. Rf5 Nd4 28. Ra5 Nxf3 29. Rxa7 Rf1# {White checkmated}
0-1

[Event "ICC tourney 2545 (5 3)"]
[Site "Internet Chess Club"]
[Date "2021.04.11"]
[Round "5"]
[White "clydedrexler22"]
[Black "jackdykes"]
[Result "1-0"]
[ICCResult "Black resigns"]
[WhiteElo "1569"]
[BlackElo "1454"]
[Opening "Queen's pawn, Mason variation"]
[ECO "D00"]
[NIC "QP.08"]
[Time "15:46:26"]
[TimeControl "300+3"]

1. d4 d5 2. Bf4 e5 3. Bxe5 Nf6 4. e3 c5 5. c3 c4 6. Nf3 Be7 7. Be2 O-O 8.
O-O Ne4 9. h3 f6 10. Bh2 Nc6 11. Nbd2 f5 12. Qc2 a5 13. b3 b6 14. bxc4 dxc4
15. Nxe4 fxe4 16. Qxe4 Bb7 17. Bxc4+ Kh8 18. Bd5 Qd6 19. Bxd6 Bxd6 20. Bxc6
Bxc6 21. Qxc6 Rad8 22. Qxb6 Rf6 23. Qxd8+ {Black resigns} 1-0

[Event "ICC tourney 2545 (5 3)"]
[Site "Internet Chess Club"]
[Date "2021.04.11"]
[Round "5"]
[White "SamerOnFire"]
[Black "LeftHand"]
[Result "1-0"]
[ICCResult "Black resigns"]
[WhiteElo "1590"]
[BlackElo "1182"]
[Opening "Alekhine's defense"]
[ECO "B03"]
[NIC "AL.09"]
[Time "15:47:28"]
[TimeControl "300+3"]

1. e4 Nf6 2. e5 Nd5 3. d4 d6 4. exd6 exd6 5. c3 Nc6 6. Bd3 Be7 7. Nf3 Be6 8.
c4 Nf6 9. d5 Nb4 10. dxe6 Nxd3+ 11. Qxd3 fxe6 12. O-O O-O 13. Re1 e5 14. Nc3
c6 15. Bg5 Qd7 16. Rad1 Rae8 17. Bxf6 Bxf6 18. Qxd6 Qxd6 19. Rxd6 Be7 20.
Rd7 Bb4 21. Rxb7 Bxc3 22. bxc3 e4 23. Ng5 e3 24. Rxe3 Rxe3 25. fxe3 Rf5 26.
Nf3 h6 27. Rxa7 Rc5 28. Ra4 {Black resigns} 1-0

[Event "ICC tourney 2545 (5 3)"]
[Site "Internet Chess Club"]
[Date "2021.04.11"]
[Round "5"]
[White "colorfulcake"]
[Black "Jeffchess"]
[Result "0-1"]
[ICCResult "White resigns"]
[WhiteElo "1377"]
[BlackElo "1429"]
[Opening "French: Rubinstein variation"]
[ECO "C10"]
[NIC "FR.07"]
[Time "15:47:20"]
[TimeControl "300+3"]

1. e4 e6 2. d4 d5 3. Nc3 dxe4 4. Nxe4 c5 5. dxc5 Qxd1+ 6. Kxd1 b6 7. cxb6
Bb7 8. Bb5+ Nd7 9. Bd3 axb6 10. Ne2 Nc5 11. N2c3 Rd8 12. Nxc5 Bxc5 13. f3
Nf6 14. Bf4 Nd5 15. Nxd5 Bxd5 16. Re1 Bd4 17. c3 Bf6 18. Kc2 O-O 19. Be3 e5
20. Bxb6 Rb8 21. Bf2 Rfd8 22. Be4 Be6 23. b3 Rbc8 24. Kb2 Rd2+ {White
resigns} 0-1

[Event "ICC tourney 2545 (5 3)"]
[Site "Internet Chess Club"]
[Date "2021.04.11"]
[Round "5"]
[White "WestCoastGirl"]
[Black "Toya"]
[Result "1-0"]
[ICCResult "Black checkmated"]
[WhiteElo "1444"]
[BlackElo "1388"]
[Opening "Petrov: classical attack"]
[ECO "C42"]
[NIC "RG.04"]
[Time "15:46:15"]
[TimeControl "300+3"]

1. e4 e5 2. Nf3 Nf6 3. Nxe5 d6 4. Nf3 Nxe4 5. d4 d5 6. Bd3 f5 7. O-O Bd6 8.
c4 c6 9. Nc3 O-O 10. cxd5 cxd5 11. Nxd5 Bxh2+ 12. Nxh2 Qxd5 13. b3 Kh8 14.
Qh5 Nc6 15. Ba3 Bd7 16. Bxf8 Rxf8 17. Nf3 Nf6 18. Qh4 Ng4 19. Ng5 h6 20. Bc4
Qd6 21. Nf7+ Rxf7 22. Bxf7 Nxd4 23. Qd8+ Kh7 24. Qg8# {Black checkmated} 1-0

[Event "ICC tourney 2545 (5 3)"]
[Site "Internet Chess Club"]
[Date "2021.04.11"]
[Round "5"]
[White "sekere"]
[Black "marinaxiao"]
[Result "0-1"]
[ICCResult "White resigns"]
[WhiteElo "1505"]
[BlackElo "1391"]
[Opening "Sicilian: Sveshnikov variation"]
[ECO "B33"]
[NIC "SI.38"]
[Time "15:46:24"]
[TimeControl "300+3"]

1. e4 c5 2. d4 cxd4 3. Nf3 Nc6 4. Nxd4 Nf6 5. Nc3 e5 6. Ndb5 d6 7. Bg5 a6 8.
Na3 b5 9. Bxf6 gxf6 10. Nd5 f5 11. c3 Be6 12. exf5 Bxf5 13. Nc2 Bg7 14. Nce3
Be6 15. Bd3 O-O 16. Qh5 h6 17. O-O-O Rc8 18. Kb1 Qa5 19. Bf5 b4 20. cxb4
Nxb4 21. Nxb4 Qxb4 22. Bxe6 fxe6 23. Qe2 Rb8 24. Qd2 Qb5 25. f3 e4 26. b3
exf3 27. gxf3 Qe5 28. Nc4 Qa1+ 29. Kc2 Qxa2+ 30. Kd3 Qxb3+ {White resigns}
0-1

[Event "ICC tourney 2545 (5 3)"]
[Site "Internet Chess Club"]
[Date "2021.04.11"]
[Round "5"]
[White "devimuru"]
[Black "skschess"]
[Result "0-1"]
[ICCResult "White resigns"]
[WhiteElo "1047"]
[BlackElo "1333"]
[Opening "Giuoco Piano: four knights variation"]
[ECO "C47"]
[NIC "KP.06"]
[Time "15:46:52"]
[TimeControl "300+3"]

1. e4 e5 2. Nf3 Nc6 3. Nc3 Nf6 4. Bc4 Bc5 5. Ng5 O-O 6. O-O h6 7. Nf3 d6 8.
d3 Qe7 9. Be3 Bxe3 10. fxe3 Be6 11. Bxe6 fxe6 12. d4 exd4 13. exd4 d5 14.
exd5 Nxd5 15. Nxd5 exd5 16. Re1 Qb4 17. c3 Qxb2 18. Rb1 Qxc3 19. Nh4 Qxd4+
20. Qxd4 Nxd4 21. Rbd1 Nf5 22. Nxf5 Rxf5 23. Rd2 Raf8 24. h3 c6 25. Rf2 Rxf2
26. Rf1 Rxf1+ {White resigns} 0-1

[Event "ICC tourney 2545 (5 3)"]
[Site "Internet Chess Club"]
[Date "2021.04.11"]
[Round "5"]
[White "MrsPiggy"]
[Black "IsaiahS"]
[Result "0-1"]
[ICCResult "White resigns"]
[WhiteElo "1349"]
[BlackElo "1438"]
[Opening "Queen's pawn game"]
[ECO "D00"]
[NIC "QP.08"]
[Time "15:46:28"]
[TimeControl "300+3"]

1. d4 d5 2. e3 e6 3. c4 Nf6 4. Nf3 Bb4+ 5. Nbd2 Nc6 6. Be2 O-O 7. O-O h6 8.
Ne5 Nxe5 9. dxe5 Nd7 10. Nf3 c6 11. a3 Be7 12. b4 f6 13. Bb2 fxe5 14. Bxe5
Nxe5 15. Nxe5 Bf6 16. f4 Qc7 17. Qd4 Rd8 18. Rad1 dxc4 19. Qxd8+ Bxd8 20.
Bxc4 Bf6 21. Nf3 b5 22. Bb3 Bb7 23. Ne1 Kf7 24. Rd3 Rd8 25. Rxd8 Qxd8 26.
Nf3 Qd3 27. Bd1 Qxe3+ 28. Kh1 Qxa3 {White resigns} 0-1

[Event "ICC tourney 2545 (5 3)"]
[Site "Internet Chess Club"]
[Date "2021.04.11"]
[Round "5"]
[White "ominousc"]
[Black "janh"]
[Result "0-1"]
[ICCResult "White resigns"]
[WhiteElo "1327"]
[BlackElo "1717"]
[Opening "Caro-Kann: Hillbilly attack"]
[ECO "B10"]
[NIC "CK.01"]
[Time "15:46:13"]
[TimeControl "300+3"]

1. e4 c6 2. Bc4 d5 3. exd5 cxd5 4. Bb3 Nc6 5. d4 Nf6 6. Nf3 Bg4 7. O-O e6 8.
h3 Bxf3 9. Qxf3 Nxd4 10. Ba4+ Nc6 11. Bxc6+ bxc6 12. Re1 Be7 13. Bf4 O-O 14.
Nd2 Re8 15. c4 Qb6 16. cxd5 cxd5 17. a4 Qxb2 18. Be5 Qxd2 19. Bc3 Qh6 20. h4
Ne4 21. Rxe4 dxe4 22. Bd2 exf3 23. Bxh6 gxh6 24. Ra3 fxg2 25. Rf3 Bxh4 26.
Kxg2 e5 27. Rf6 Bxf6 {White resigns} 0-1

[Event "ICC tourney 2545 (5 3)"]
[Site "Internet Chess Club"]
[Date "2021.04.11"]
[Round "5"]
[White "mill0"]
[Black "RichTNYC"]
[Result "0-1"]
[ICCResult "White resigns"]
[WhiteElo "1144"]
[BlackElo "1210"]
[Opening "Two knights defense (Modern bishop's opening)"]
[ECO "C55"]
[NIC "IG.01"]
[Time "15:46:52"]
[TimeControl "300+3"]

1. e4 e5 2. Nf3 Nc6 3. Bc4 Nf6 4. d3 h6 5. O-O Bc5 6. b3 d6 7. Bb2 O-O 8.
Nc3 Bg4 9. Re1 Nd4 10. Re3 Nxf3+ 11. gxf3 Bxe3 12. fxe3 Bh3 {White resigns}
0-1

[Event "ICC tourney 2545 (5 3)"]
[Site "Internet Chess Club"]
[Date "2021.04.11"]
[Round "5"]
[White "JJrook"]
[Black "pawnmoves22"]
[Result "0-1"]
[ICCResult "White resigns"]
[WhiteElo "1411"]
[BlackElo "1647"]
[Opening "KP: Colorado counter"]
[ECO "B00"]
[NIC "VO.05"]
[Time "15:47:10"]
[TimeControl "300+3"]

1. e4 Nc6 2. Nf3 f5 3. exf5 d5 4. d4 Bxf5 5. Bd3 e6 6. O-O Be7 7. Re1 Nf6 8.
Ng5 Ne4 9. Nf3 O-O 10. c4 Nb4 {White resigns} 0-1

[Event "ICC tourney 2545 (5 3)"]
[Site "Internet Chess Club"]
[Date "2021.04.11"]
[Round "5"]
[White "KingSack"]
[Black "Draconian"]
[Result "0-1"]
[ICCResult "White checkmated"]
[WhiteElo "1513"]
[BlackElo "1843"]
[Opening "Sicilian defense"]
[ECO "B30"]
[NIC "SI.31"]
[Time "15:46:23"]
[TimeControl "300+3"]

1. e4 c5 2. Nf3 Nc6 3. b4 cxb4 4. d4 d5 5. exd5 Qxd5 6. c4 bxc3 7. Nxc3 Qa5
8. Rb1 e6 9. Bd2 Bb4 10. Qb3 Nf6 11. Bd3 O-O 12. O-O Bd7 13. Ne5 Nxe5 14.
dxe5 Nd5 15. Nxd5 Bxd2 16. Qxb7 Qxd5 17. Be4 Qxb7 18. Bxb7 Rad8 19. Be4 Ba5
20. f4 Bb6+ 21. Kh1 Rc8 22. h4 Bc6 23. Bd3 Bd5 24. a4 Rc3 25. Bb5 Rh3#
{White checkmated}
0-1

[Event "ICC tourney 2545 (5 3)"]
[Site "Internet Chess Club"]
[Date "2021.04.11"]
[Round "5"]
[White "michaelxiao"]
[Black "Mapking1"]
[Result "1-0"]
[ICCResult "Black checkmated"]
[WhiteElo "1358"]
[BlackElo "1467"]
[Opening "Sicilian: Alapin's variation (2.c3)"]
[ECO "B22"]
[NIC "SI.47"]
[Time "15:46:27"]
[TimeControl "300+3"]

1. e4 c5 2. c3 Nf6 3. e5 Nd5 4. d4 cxd4 5. cxd4 d6 6. exd6 Qxd6 7. Nf3 Nc6
8. Nc3 e6 9. Nxd5 Qxd5 10. Bd3 Bb4+ 11. Bd2 Be7 12. Bc3 O-O 13. O-O b6 14.
a3 Bb7 15. Re1 Qd7 16. b4 Bf6 17. Rc1 Rfd8 18. d5 exd5 19. Bxf6 gxf6 20. Bc2
Qg4 21. Qd3 Qh5 22. Bb1 Ne5 23. Nxe5 fxe5 24. Rc7 Rab8 25. Qg3+ Kh8 26. h3
e4 27. Qc3+ Kg8 28. Qf6 Re8 29. Re3 Qe5 30. Rg3+ Kf8 31. Qxf7#
{Black checkmated}
1-0

[Event "ICC tourney 2545 (5 3)"]
[Site "Internet Chess Club"]
[Date "2021.04.11"]
[Round "5"]
[White "Penglas"]
[Black "Vetinari"]
[Result "0-1"]
[ICCResult "White checkmated"]
[WhiteElo "1179"]
[BlackElo "1506"]
[Opening "Van't Kruijs opening"]
[ECO "A00"]
[Time "15:46:31"]
[TimeControl "300+3"]

1. e3 e5 2. f4 Bd6 3. fxe5 Bxe5 4. Nf3 Nc6 5. Nxe5 Nxe5 6. d4 Ng6 7. Bc4 Nf6
8. O-O d5 9. e4 dxc4 10. e5 Bg4 11. Qe1 Qxd4+ 12. Be3 Qxe5 13. Nc3 O-O-O 14.
Qf2 Rhe8 15. Rae1 Qd6 16. Nb5 Qc6 17. Nxa7+ Kd7 18. Nxc6 bxc6 19. h3 Be6 20.
Rd1+ Kc8 21. Rxd8+ Rxd8 22. Ba7 Ne4 23. Qf3 Nd2 24. Qxc6 Bd5 25. Qa8+ Bxa8
26. Rd1 Nf3+ 27. gxf3 Rxd1+ 28. Kf2 Rd2+ 29. Ke3 Rxc2 30. Bd4 Ne7 31. Bxg7
Nf5+ 32. Kf4 Nxg7 33. h4 Rxb2 34. Kg5 Rxa2 35. f4 Rf2 36. h5 Rf3 37. h6 Ne6+
38. Kg4 Rxf4+ 39. Kh5 Nd4 40. Kg5 Rh4 41. Kf6 Rxh6+ 42. Kg7 Rg6+ 43. Kh8 Nf3
44. Kxh7 Ne5 45. Kh8 f5 46. Kh7 f4 47. Kh8 f3 48. Kh7 f2 49. Kh8 f1=Q 50.
Kh7 c3 51. Kh8 c2 52. Kh7 c1=N 53. Kh8 Ne2 54. Kh7 c5 55. Kh8 c4 56. Kh7 c3
57. Kh8 c2 58. Kh7 c1=N 59. Kh8 Qf8+ 60. Kh7 Qh8+ 61. Kxh8 Bd5 62. Kh7 Bg8+
63. Kh8 Bh7 64. Kxh7 Ncd3 65. Kh8 Nd4 66. Kh7 Nc5 67. Kh8 Ndc6 68. Kh7 Ne6
69. Kh8 Ne7 70. Kh7 Nf8+ 71. Kh8 Nf7# {White checkmated} 0-1

[Event "ICC tourney 2545 (5 3)"]
[Site "Internet Chess Club"]
[Date "2021.04.11"]
[Round "5"]
[White "GiteshC"]
[Black "jgse19811"]
[Result "1-0"]
[ICCResult "Black resigns"]
[WhiteElo "1357"]
[BlackElo "1286"]
[Opening "Sicilian defense"]
[ECO "B32"]
[NIC "SI.31"]
[Time "15:47:21"]
[TimeControl "300+3"]

1. e4 c5 2. Nf3 Nc6 3. d4 d6 4. Bc4 Qb6 5. Ng5 Qb4+ 6. Nd2 Nxd4 7. Bxf7+ Kd8
8. c3 Nc2+ 9. Qxc2 Nf6 10. cxb4 e5 11. bxc5 dxc5 12. Nc4 Bd7 13. Bd5 Rb8 14.
Nf7+ Kc8 15. Nxh8 b5 16. Nxe5 Bg4 17. O-O Bd6 18. Nhf7 Bxe5 19. Nxe5 Bh5 20.
Qxc5+ Kd8 21. Qd6+ Kc8 22. Be6+ {Black resigns} 1-0

[Event "ICC tourney 2545 (5 3)"]
[Site "Internet Chess Club"]
[Date "2021.04.11"]
[Round "5"]
[White "RoadToFM2007"]
[Black "chessrex"]
[Result "1-0"]
[ICCResult "Black checkmated"]
[WhiteElo "1867"]
[BlackElo "1806"]
[Opening "Queen's pawn: Charlick (Englund) gambit"]
[ECO "A40"]
[NIC "QO.17"]
[Time "15:46:49"]
[TimeControl "300+3"]

1. d4 e5 2. dxe5 Nc6 3. Nf3 Nge7 4. b3 Ng6 5. Bb2 Bb4+ 6. c3 Ba5 7. Qd5 Qe7
8. Nbd2 Ngxe5 9. Nxe5 Qxe5 10. Qxe5+ Nxe5 11. O-O-O Ng4 12. Ne4 Bb6 13. e3
f5 14. h3 Nxe3 15. fxe3 fxe4 16. Bc4 c6 17. Kc2 d5 18. Be2 Bxe3 19. c4 O-O
20. cxd5 Rf2 21. Rhe1 Rxg2 22. d6 Bd7 23. Kb1 Kh8 24. Bg4 Bxg4 25. hxg4 Bg5
26. Rxe4 Kg8 27. d7 Kf7 28. Rf1+ Kg6 29. Re6+ Bf6 30. Bxf6 gxf6 31. Re8 Rd2
32. Rxa8 Rxd7 33. Rg8+ Kf7 34. Ra8 a6 35. g5 Kg6 36. gxf6 Rf7 37. Rg8+ Kh6
38. Rh1# {Black checkmated} 1-0

[Event "ICC tourney 2545 (5 3)"]
[Site "Internet Chess Club"]
[Date "2021.04.11"]
[Round "5"]
[White "CCAadminDave"]
[Black "gmRohde"]
[Result "0-1"]
[ICCResult "White resigns"]
[WhiteElo "1584"]
[BlackElo "1885"]
[Opening "Sicilian defense"]
[ECO "B40"]
[NIC "SI.43"]
[Time "15:46:23"]
[TimeControl "300+3"]

1. e4 c5 2. Nf3 e6 3. c3 Nf6 4. e5 Nd5 5. d4 cxd4 6. cxd4 d6 7. exd6 Qxd6 8.
Nc3 Be7 9. Bd3 Nc6 10. O-O O-O 11. a3 Nxc3 12. bxc3 b6 13. Qc2 h6 14. Re1
Bb7 15. Ne5 Nxe5 16. Rxe5 Rac8 17. Bxh6 gxh6 18. Qd2 f5 19. Qxh6 Rf6 20. Qh5
Kg7 21. Re3 Rh8 22. Rg3+ Qxg3 {White resigns} 0-1

[Event "ICC tourney 2545 (5 3)"]
[Site "Internet Chess Club"]
[Date "2021.04.11"]
[Round "5"]
[White "Ecalevolkk"]
[Black "Dingsparov"]
[Result "0-1"]
[ICCResult "White resigns"]
[WhiteElo "1652"]
[BlackElo "1610"]
[Opening "Bird's opening"]
[ECO "A03"]
[NIC "VO.07"]
[Time "15:51:40"]
[TimeControl "300+3"]

1. f4 d5 2. e3 Nf6 3. b3 c5 4. Bb2 e6 5. Nf3 Be7 6. Bb5+ Bd7 7. Qe2 O-O 8.
O-O a6 9. Bxd7 Nbxd7 10. d3 b5 11. Nbd2 Rc8 12. Ne5 Bd6 13. Rf3 Qc7 14. Nxd7
Nxd7 15. Rg3 e5 16. fxe5 Bxe5 17. Bxe5 Qxe5 18. Nf3 Qxa1+ {White resigns}
0-1

[Event "ICC tourney 2545 (5 3)"]
[Site "Internet Chess Club"]
[Date "2021.04.11"]
[Round "5"]
[White "orak"]
[Black "Morad-Magdy"]
[Result "0-1"]
[ICCResult "White resigns"]
[WhiteElo "1615"]
[BlackElo "1944"]
[Opening "English: symmetrical, Botvinnik system"]
[ECO "B20"]
[NIC "EO.30"]
[Time "15:46:23"]
[TimeControl "300+3"]

1. e4 c5 2. c4 Nc6 3. Nc3 g6 4. g3 Bg7 5. Bg2 d6 6. h3 e5 7. Nge2 Nge7 8. d3
O-O 9. O-O Be6 10. a3 Qd7 11. Kh2 f5 12. f4 Nd4 13. Rb1 a6 14. Be3 b5 15.
cxb5 axb5 16. b4 Rxa3 17. bxc5 dxc5 18. Bxd4 cxd4 19. Nxb5 Ra2 20. fxe5 Bxe5
21. exf5 Nxf5 22. Re1 Ne3 23. Qc1 Rc8 24. Qxc8+ Qxc8 25. Nexd4 Rxg2+ 26. Kh1
Qa8 27. Rxe3 Rb2+ 28. Nf3 Rxb1+ 29. Kg2 Rxb5 30. d4 Rb2+ 31. Kf1 Qa1+
{White resigns}
0-1

[Event "ICC tourney 2545 (5 3)"]
[Site "Internet Chess Club"]
[Date "2021.04.11"]
[Round "5"]
[White "Openyagami"]
[Black "chess2thesun"]
[Result "1-0"]
[ICCResult "Black resigns"]
[WhiteElo "2550"]
[BlackElo "2188"]
[Opening "QGD: semi-Slav, Noteboom variation"]
[ECO "D30"]
[NIC "QP.08"]
[Time "15:46:14"]
[TimeControl "300+3"]

1. d4 d5 2. c4 e6 3. Nf3 c6 4. Nc3 dxc4 5. g3 b5 6. Bg2 Bb7 7. O-O Nd7 8. e4
Ngf6 9. e5 Nd5 10. Ng5 Be7 11. Qh5 g6 12. Qh6 Bf8 13. Qh3 Nxc3 14. bxc3 Qe7
15. Ne4 O-O-O 16. a4 Kb8 17. Bg5 Qe8 18. Rfb1 Rc8 19. axb5 cxb5 20. Rxb5 Nb6
21. Rba5 Qc6 22. Rxa7 Nd5 23. Bf6 Rg8 24. Qxh7 Nxc3 25. Rxb7+ Qxb7 26. Nxc3
{Black resigns}
1-0